 Dungeon Crawl Stone Soup version 0.30-a0-279-g4b46babb21 (webtiles) character file.

Game seed: 8225355492861637420

317 lunkers the Insei (level 7, 0/52 HPs)
             Began as a Meteoran Transmuter on Oct 16, 2022.
             Slain by an orc priest
             ... wielding a +0 trident
              (3 damage)
             ... on level 7 of the Dungeon.
             The game lasted 00:03:22 (1233 turns).

lunkers the Insei (Meteoran Transmuter)             Turns: 1233, Time: 00:03:23

Health: 0/52       AC:  2    Str: 12    XL:     7   Next: 4%
Magic:  10/12      EV: 20    Int: 16    God:
Gold:   93         SH:  0    Dex: 20    Spells: 5/11 levels left

rFire   + . .      SeeInvis .      - Unarmed
rCold   . . .      Faith    .    (shield currently unavailable)
rNeg    . . .      Spirit   .    (body armour currently unavailable)
rPois   x          Reflect  .    (helmet currently unavailable)
rElec   .          Harm     .    (cloak currently unavailable)
rCorr   .          Rampage  .    (gloves currently unavailable)
Will    .....                    (boots currently unavailable)
Stlth   +.........               (no amulet)
HPRegen 0.28/turn                m - ring of protection from fire
MPRegen 0.13/turn                (no ring)

@: spider-form (expiring), glowing
A: venomous fangs, tiny, sense surroundings 1, otherworldly, glowing, explore
regen
a: End Transformation


You were on level 7 of the Dungeon.
You were a venomous arachnid creature.
You visited 1 branch of the dungeon, and saw 5 of its levels.

You collected 93 gold pieces.

Inventory:

Armour
 a - a +0 robe (melded)
Jewellery
 j - a ring of fire
 m - a ring of protection from fire (left front leg)
 s - an amulet of magic regeneration
Scrolls
 d - a scroll of enchant weapon {unknown}
 f - a scroll of noise {unknown}
 h - 2 scrolls of identify {unknown}
 k - a scroll of magic mapping {unknown}
 l - a scroll of blinking {unknown}
 n - a scroll of teleportation {unknown}
 o - a scroll of fear {unknown}
 r - a scroll of amnesia {unknown}
Potions
 b - a potion of lignification
 c - 2 potions of heal wounds {unknown}
 e - a potion of brilliance {unknown}
 g - a potion of degeneration {unknown}
 i - a potion of invisibility {unknown}
 p - 3 potions of curing {unknown}
 q - a potion of haste {unknown}


   Skills:
 - Level 1.1 Fighting
 - Level 2.4 Dodging
 * Level 6.7 Unarmed Combat
 - Level 2.6 Spellcasting
 + Level 5.6 Transmutations


You had 5 spell levels left.
You knew the following spells:

 Your Spells              Type           Power      Damage    Failure   Level
b - Wereblood             Tmut           20%        N/A       11%         2
c - Spider Form           Tmut/Pois      11%        N/A       38%         3
p - Beastly Appendage     Tmut           40%        N/A       8%          1

Your spell library contained the following spells:

 Spells                   Type           Power      Damage    Failure   Level
 Freeze                   Ice            8%         1d3       38%         1
 Frozen Ramparts          Ice            4%         1d1       71%         3
 Gell's Gravitas          Tloc           2%         N/A       71%         3
 Hailstorm                Conj/Ice       2%         3d3       71%         3
 Lesser Beckoning         Tloc           4%         N/A       71%         3
 Ozocubu's Armour         Ice            2%         N/A       71%         3
 Teleport Other           Tloc           2%         N/A       71%         3
 Ice Form                 Ice/Tmut       11%        N/A       73%         4
 Ozocubu's Refrigeration  Ice            1%         4d7       100%        7


Dungeon Overview and Level Annotations

Branches:
Dungeon (7/15) Zot: 1781
 Temple: D:4-7

Altars:


Innate Abilities, Weirdness & Mutations

You are a venomous arachnid creature.
You have poisonous fangs.
You are tiny and dextrous.
Your spellcasting is less reliable in this form.
Your armour is entirely melded.
You are incapable of wielding weapons or throwing items.
You passively map a small area around you.
You are easily found by Zot.
You glow in the dark.
You regain HP and MP as you explore.


Message History

You turn into a venomous arachnid creature.
Your +0 robe melds into your body.
The orc completely misses you.
Unknown command.
Okay, then.
You bite the orc!
You kill the orc!
Your transformation is almost over.
The orc completely misses you. The orc priest barely misses you.
Things that are here:
a +0 club; a +0 leather armour You bite the orc!
You kill the orc!
The orc priest closely misses you.
A steam dragon comes into view.
The steam dragon hisses angrily.
The orc priest hits you but does no damage.
The orc hits you with a +0 short sword.
* * * LOW HITPOINT WARNING * * *
Items here: )) [[.
You hit the orc priest but do no damage.
The orc priest is poisoned.
The orc priest misses you. The orc hits you but does no damage.
You hit the orc priest but do no damage.
The orc priest looks as sick as possible!
The steam dragon breathes steam at you.
The ball of steam misses the orc.
The ball of steam hits you. You resist.
* * * LOW HITPOINT WARNING * * *
The orc priest completely misses you.
The orc is engulfed in a cloud of scalding steam.
The orc dies!
You hit the orc priest.
The orc priest is heavily wounded.
The orc priest is engulfed in a cloud of scalding steam.
The orc priest closely misses you.
Unknown command.
You barely miss the orc priest.
The orc priest is severely wounded.
The orc priest is engulfed in a cloud of scalding steam.
The orc priest hits you with a +0 trident.
You die...

, * ,.). ... , ### ,....
..## *.....
...################.....
,
.†...............§§.....
.#######.......§o§§..D..
.##........#####s# *,, ,
...........)...§§# *
..################ **, ,
#.# * *, * #..# * *** *,
^ , #..# * *,, , , ,*
#..# , * , , #..., , , *
....# ,


You could see an orc priest (extremely poisoned).

Vanquished Creatures
  Blork the orc (D:4)
  A necrophage (D:7)
  A scorpion (D:3)
  An orc wizard (D:3)
  3 gnolls (D:3)
  2 adders
  A worm (D:2)
  2 dart slugs
  6 orcs
  6 endoplasms
  2 giant cockroaches (D:3)
  8 goblins
  3 hobgoblins (D:3)
  3 jackals (D:2)
  A quokka (D:3)
  2 ball pythons
  3 bats
  5 frilled lizards
  A kobold (D:3)
  A rat (D:1)
53 creatures vanquished.

Vanquished Creatures (others)
  An orc (D:7)
1 creature vanquished.

Grand Total: 54 creatures vanquished

Notes
Turn   | Place    | Note
-------+----------+-------------------------------------------
     0 | D:1      | lunkers the Meteoran Transmuter began the quest for the
                  | Orb.
     0 | D:1      | Reached XP level 1. HP: 16/16 MP: 5/5
    73 | D:1      | Reached XP level 2. HP: 18/23 MP: 6/6
   120 | D:1      | Learned a level 2 spell: Wereblood
   216 | D:1      | Reached skill level 4 in Unarmed Combat
   419 | D:2      | Reached XP level 3. HP: 21/28 MP: 8/8
   423 | D:2      | Learned a level 3 spell: Spider Form
   677 | D:3      | Reached XP level 4. HP: 35/35 MP: 9/9
   775 | D:3      | Reached skill level 5 in Unarmed Combat
   880 | D:4      | Noticed a scorpion
   890 | D:3      | Killed a scorpion
   891 | D:3      | Reached XP level 5. HP: 11/40 MP: 7/10
   971 | D:3      | Reached XP level 6. HP: 39/47 MP: 4/11
   972 | D:3      | Reached skill level 5 in Transmutations
  1129 | D:4      | Noticed Blork the orc
  1136 | D:4      | Killed Blork the orc
  1137 | D:4      | Reached skill level 6 in Unarmed Combat
  1165 | D:4      | You fall into a shaft and drop 3 floors!
  1196 | D:7      | Reached XP level 7. HP: 42/52 MP: 6/12
  1229 | D:7      | Noticed a steam dragon
  1231 | D:7      | HP: 2/52 [something/ball of steam (4)]
  1233 | D:7      | Slain by an orc priest

Illustrated notes

Levels and vault maps discovered:
D:1:      dpeg_arrival_oval, layout_basic, shapermc_ecumenical_altar_flowoftime,
          hex_large
D:2:      layout_basic, serial_shops, nicolae_square_shop
D:3:      layout_basic, minivault_5, grunt_decor_mini_mirrors, st_stairs_10
D:4:      layout_cave_pools, minmay_temple_entry_mist, uniq_blork_the_orc
D:7:      layout_rooms, moated_statue

Skill      XL: |  1  2  3  4  5  6 |
---------------+-------------------+-----
Unarmed Combat | 4 5 6 |  6.7
Transmutations | 3 4 5 |  5.6
Fighting       | |  1.1
Dodging        | |  2.4
Spellcasting   | |  2.6

Action                   |  1- 3 |  4- 6 |  7- 9 || total
-------------------------+-------+-------+-------++-------
Melee: Unarmed           |    55 |    86 |    12 ||   153
       Kick              |     5 |     1 |       ||     6
       Headbutt          |     5 |       |       ||     5
       Punch             |       |     1 |       ||     1
 Cast: Beastly Appendage |    13 |     1 |       ||    14
       Wereblood         |     1 |       |       ||     1
       Spider Form       |       |     6 |     2 ||     8
Armor: Robe              |    15 |    12 |       ||    27
       Skin              |       |     2 |     2 ||     4
Dodge: Dodged            |    28 |    50 |     9 ||    87

Table legend: (Time is in decaauts)
 A = Elapsed time spent in this place.
 B = Non-inter-level travel time spent in this place.
 C = Inter-level travel time spent in this place.
 D = Time resting spent in this place.
 E = Time spent auto-exploring this place.
 F = Levels seen in this place.
 G = Mean time per level.
                   A        B        C        D        E       F      G
               +--------+--------+--------+--------+--------+-----+--------+
         Total |   1218 |   1073 |    145 |      0 |    672 |   5 |  243.6 |
       Dungeon |   1218 |   1073 |    145 |      0 |    672 |   5 |  243.6 |
               +--------+--------+--------+--------+--------+-----+--------+

Top non-repeatable levels by time:
     D:3: 516 daAuts
     D:2: 295 daAuts
     D:1: 244 daAuts
     D:4: 96 daAuts
     D:7: 65 daAuts
